 Dungeon Crawl Stone Soup version 0.27-a0-96-gb51a1d6fd6 (webtiles) character file.

Game seed: 4031891049415539233

998 knot the Chopper (level 8, 66/87 HPs)
             Began as a Demonspawn Berserker on Jan 19, 2021.
             Was a Priest of Trog.
             Quit the game on level 5 of the Dungeon.
             The game lasted 00:05:23 (5097 turns).

knot the Chopper (Demonspawn Berserker)             Turns: 5097, Time: 00:05:23

Health: 66/87      AC:  5    Str: 18    XL:     8   Next: 0%
Magic:  8/8        EV: 12    Int: 10    God:    Trog [***...]
Gold:   232        SH:  0    Dex: 13    Spells: 7/7 levels left

rFire    . . .     SeeInvis .   a - +0 hand axe
rCold    . . .     Faith    +   (no shield)
rNeg     . . .     Spirit   .   n - +0 ring mail
rPois    .         Reflect  .   (helmet restricted)
rElec    .         Harm     .   (no cloak)
rCorr    .         Rampage  .   (no gloves)
Will     +....                  (no boots)
Stlth    ..........             w - amulet of faith
HPRegen  1.24/turn              g - +4 ring of slaying
MPRegen  0.11/turn              h - ring of willpower

@: berserking, very quick
A: antennae 1, powered by death 1, powered by pain 1, sturdy frame 2
a: Renounce Religion, Berserk, Trog's Hand


You were on level 5 of the Dungeon.
You worshipped Trog.
Trog was most pleased with you.
You visited 1 branch of the dungeon, and saw 5 of its levels.

You collected 232 gold pieces.

Inventory:

Hand Weapons
 a - a +0 hand axe (weapon)
Missiles
 b - 15 sling bullets
 o - 137 stones
 r - 8 boomerangs (quivered)
 t - 15 poisoned darts
Armour
 n - a +0 ring mail (worn)
Magical Staves
 x - an uncursed staff of death {unknown}
Jewellery
 g - a +4 ring of slaying (left hand)
 h - a ring of willpower (right hand)
 i - an uncursed ring of fire {unknown}
 w - an amulet of faith (around neck)
Wands
 q - a wand of acid (5)
Scrolls
 c - 7 scrolls of remove curse {unknown}
 d - 5 scrolls of teleportation {unknown}
 k - a scroll of amnesia {unknown}
 m - 4 scrolls of magic mapping {unknown}
 p - a scroll of fear {unknown}
 s - a scroll of identify {unknown}
Potions
 e - 2 potions of cancellation {unknown}
 f - 3 potions of flight {unknown}
 j - a potion of invisibility
 l - 2 potions of attraction
 u - a potion of haste {unknown}
 v - 2 potions of curing {unknown}


   Skills:
 - Level 3.0 Fighting
 * Level 7.7 Axes
 * Level 4.2 Throwing
 - Level 1.7 Armour
 - Level 1.7 Dodging


You had 7 spell levels left.
You didn't know any spells.
Your spell library was empty.

Dungeon Overview and Level Annotations

Branches:
Dungeon (5/15)             Temple (0/1) D:4

Altars:
Cheibriados
Elyvilon
Makhleb
Nemelex Xobeh
Trog
Uskayaw
Xom


Innate Abilities, Weirdness & Mutations

You have a pair of small antennae on your head.
You regenerate a little health from kills.
You sometimes gain a little power by taking damage.
Your movements are less encumbered by armour. (ER -4)


Message History

You throw a boomerang. The boomerang hits the ogre.
The ogre is lightly wounded.
The ogre hits you with a cursed -1 giant club!
A red film seems to cover your vision as you go berserk!
You feel yourself moving faster!
You feel mighty!
You slash the ogre!
The ogre is heavily wounded.
The ogre barely misses you.
You barely miss the ogre.
The ogre is heavily wounded.
You completely miss the ogre.
The ogre is heavily wounded.
The ogre barely misses you.
You slice the ogre!!
You kill the ogre!
Trog accepts your kill.
You have reached level 8!
You feel agile.
Your demonic ancestry asserts itself...
You feel energised by your suffering.
Are you sure you want to abandon this character and quit the game? (Confirm with "yes".)

## .. ##.#####
#......# #..###)# #.
#@# .#### # #.# ......
#.####.....#)#
#.............
#..###.....#..##
#.###..####...#....###
#............##.......
#####..########....###
#..# ######.#


There were no monsters in sight!

Vanquished Creatures
  An ice beast (D:5)
  2 ogres
  A crimson imp (D:5)
  2 hounds (D:5)
  A centaur skeleton (D:4)
  An orc priest (D:4)
  Ijyb (D:3)
  Jessica (D:2)
  5 orc wizards
  7 worker ants
  Natasha (thrice) (D:2)
  4 adders (D:3)
  2 white imps (D:5)
  An ooze (D:1)
  5 worms
  2 dart slugs
  4 leopard geckos
  21 orcs
  2 bats (D:3)
  A giant cockroach (D:2)
  12 goblins
  6 hobgoblins
  7 jackals
  4 frilled lizards
  3 kobolds
  A quokka skeleton (D:5)
  3 rats
103 creatures vanquished.

Notes
Turn   | Place    | Note
-------+----------+-------------------------------------------
     0 | D:1      | knot the Demonspawn Berserker began the quest for the Orb.
     0 | D:1      | Reached XP level 1. HP: 18/18 MP: 1/1
   124 | D:1      | Reached skill level 3 in Axes
   125 | D:1      | Gained mutation: Your movements are slightly less
                  | encumbered by armour. (ER -2) [demonic ancestry]
   125 | D:1      | Reached XP level 2. HP: 12/24 MP: 2/2
   698 | D:2      | Noticed Natasha
   704 | D:2      | Killed Natasha
   705 | D:2      | Reached skill level 4 in Axes
   705 | D:2      | Reached XP level 3. HP: 29/29 MP: 3/3
   881 | D:2      | Noticed Jessica
   885 | D:2      | Killed Jessica
   886 | D:2      | Gained mutation: You regenerate a little health from kills.
                  | [demonic ancestry]
   886 | D:2      | Reached XP level 4. HP: 34/35 MP: 4/4
  1045 | D:2      | Found a sparkling altar of Nemelex Xobeh.
  1075 | D:2      | Noticed Natasha
  1087 | D:2      | Killed Natasha
  1346 | D:2      | Found a bloodstained altar of Trog.
  1424 | D:2      | Noticed Natasha
  1432 | D:2      | Killed Natasha
  1433 | D:2      | Reached skill level 5 in Axes
  1637 | D:2      | Reached ** piety under Trog
  1806 | D:3      | Gained mutation: Your movements are less encumbered by
                  | armour. (ER -4) [demonic ancestry]
  1806 | D:3      | Reached XP level 5. HP: 41/41 MP: 5/5
  2038 | D:3      | Noticed Ijyb
  2048 | D:3      | Killed Ijyb
  2049 | D:3      | Reached skill level 6 in Axes
  2441 | D:3      | Found a white marble altar of Elyvilon.
  2518 | D:3      | Reached XP level 6. HP: 47/47 MP: 6/6
  2912 | D:4      | Found a staircase to the Ecumenical Temple.
  2919 | D:4      | Reached *** piety under Trog
  2961 | D:4      | Reached skill level 1 in Throwing
  3690 | D:4      | Found a hide-covered altar of Uskayaw.
  3880 | D:4      | Found a snail-covered altar of Cheibriados.
  3905 | D:4      | Gained mutation: You have a pair of small antennae on your
                  | head. [demonic ancestry]
  3905 | D:4      | Reached XP level 7. HP: 51/52 MP: 7/7
  4261 | D:5      | Entered Level 5 of the Dungeon
  4387 | D:5      | Reached skill level 7 in Axes
  4837 | D:5      | Found a shimmering altar of Xom.
  4838 | D:5      | Found a burning altar of Makhleb.
  5097 | D:5      | Gained mutation: You sometimes gain a little power by
                  | taking damage. [demonic ancestry]
  5097 | D:5      | Reached XP level 8. HP: 58/58 MP: 8/8
  5097 | D:5      | Quit the game

Illustrated notes

Levels and vault maps discovered:
D:1:      amcnicky_arrival_double_pillar, layout_basic
D:2:      layout_loops_ring, lemuel_coloured_pillars_altar,
          nicolae_overflow_hidden_temple, uniq_jessica, uniq_natasha
D:3:      kennysheep_the_goblin_king, layout_basic, elyvilon_altar_3
D:4:      layout_basic, eat_drink_and_be_merry_uskayaw,
          overflow_temple_1_default, minmay_temple_entry_junction_2
D:5:      layout_loops_ring, grunt_temple_overflow_champion_of_chaos,
          lemuel_round_altar, kennysheep_generic_room_8

Skill      XL: |  1  2  3  4  5  6  7 |
---------------+----------------------+-----
Axes           | 3 4 5 6 7 |  7.7
Throwing       | 2 4 |  4.2
Fighting       | |  3.0
Armour         | |  1.7
Dodging        | |  1.7

Action                   |  1- 3 |  4- 6 |  7- 9 || total
-------------------------+-------+-------+-------++-------
Melee: Hand axe          |    36 |   121 |    58 ||   215
Throw: Boomerang         |       |    53 |    34 ||    87
Invok: Berserk           |       |     6 |     4 ||    10
  Use: Potion            |       |     2 |       ||     2
 Stab: Distracted        |       |     1 |       ||     1
       Invisible         |       |     1 |       ||     1
Armor: Animal skin       |     2 |       |       ||     2
       Ring mail         |     4 |    37 |    10 ||    51
Dodge: Dodged            |    17 |    75 |    29 ||   121

Table legend: (Time is in decaauts)
 A = Elapsed time spent in this place.
 B = Non-inter-level travel time spent in this place.
 C = Inter-level travel time spent in this place.
 D = Time resting spent in this place.
 E = Time spent auto-exploring this place.
 F = Levels seen in this place.
 G = Mean time per level.
                   A        B        C        D        E       F      G
               +--------+--------+--------+--------+--------+-----+--------+
         Total |   5213 |   5091 |    122 |   1863 |   2654 |   5 | 1042.6 |
       Dungeon |   5213 |   5091 |    122 |   1863 |   2654 |   5 | 1042.6 |
               +--------+--------+--------+--------+--------+-----+--------+

Top non-repeatable levels by time:
     D:4: 1615 daAuts
     D:2: 1221 daAuts
     D:3: 1008 daAuts
     D:5: 755 daAuts
     D:1: 612 daAuts
